 Dungeon Crawl Stone Soup version 0.28-a0-932-g843f935a50 (webtiles) character file.

Game seed: 12068632918626214529

443 porpoise the Magician (level 6, -3/32 HPs)
             Began as a Deep Elf Conjurer on Nov 28, 2021.
             Slain by Ijyb (8 damage)
             ... on level 4 of the Dungeon.
             The game lasted 00:09:39 (3580 turns).

porpoise the Magician (Deep Elf Conjurer)           Turns: 3580, Time: 00:09:39

Health: -3/32      AC:  2    Str:  5    XL:     6   Next: 71%
Magic:  7/18       EV: 12    Int: 24    God:
Gold:   104        SH:  0    Dex: 13    Spells: 8/19 levels left

rFire   . . .      SeeInvis .   b - +0 hunting sling
rCold   . . .      Faith    .   (no shield)
rNeg    . . .      Spirit   .   e - +0 robe
rPois   .          Reflect  .   (no helmet)
rElec   .          Harm     .   (no cloak)
rCorr   .          Rampage  .   (no gloves)
Will    .....                   (no boots)
Stlth   ++........              (no amulet)
HPRegen 0.10/turn               (no ring)
MPRegen 0.16/turn               (no ring)

@: no status effects
A: no striking features
a: no special abilities


You were on level 4 of the Dungeon.
You visited 1 branch of the dungeon, and saw 4 of its levels.

You collected 169 gold pieces.
You spent 65 gold pieces at shops.

Inventory:

Hand Weapons
 a - a +2 dagger of venom
 b - a +0 hunting sling (weapon)
Missiles
 l - 13 poisoned darts
 n - 3 datura-tipped darts
 r - 121 stones (quivered ammo)
Armour
 e - a +0 robe (worn)
 o - a +0 buckler
Scrolls
 f - 3 scrolls of teleportation {unknown}
 k - a scroll of immolation {unknown}
 p - a scroll of torment {unknown}
 q - a scroll of enchant weapon {unknown}
 s - a scroll of identify {unknown}
Potions
 c - a potion of magic {unknown}
 d - 3 potions of heal wounds
 g - 2 potions of curing {unknown}
 h - a potion of degeneration {unknown}
 i - a potion of attraction {unknown}
 j - a potion of lignification {unknown}
 m - a potion of mutation {unknown}
 t - a potion of brilliance {unknown}


   Skills:
 - Level 2.4 Dodging
 - Level 2.4 Stealth
 - Level 7.0 Spellcasting
 - Level 5.3 Conjurations
 + Level 5.1 Hexes
 + Level 0.7 Translocations


You had 8 spell levels left.
You knew the following spells:

 Your Spells              Type           Power      Damage    Failure   Level
a - Magic Dart            Conj           100%       1d8       1%          1
b - Searing Ray           Conj           68%        2d6       1%          2
c - Fulminant Prism       Conj/Hex       16%        3d11      9%          4
d - Iskenderun's Mystic   Conj/Tloc      23%        2d6       21%         4

Your spell library contained the following spells:

 Spells                   Type           Power      Damage    Failure   Level
 Dazzling Flash           Conj/Hex       66%        N/A       2%          3


Dungeon Overview and Level Annotations

Branches:
Dungeon (4/15)
 Temple: D:4-7

Altars:

Shops:
D:2 !

Annotations:
D:2 1 exclusion, Terence
D:4 Ijyb


Message History

Aim: a goblin, wielding a +0 club (76% to hit)
The searing ray misses the goblin. (Press . to maintain the ray.) Unknown command.
The searing ray hits the goblin!
You kill the goblin!
The searing ray hits Ijyb but does no damage.
Ijyb hits you with a +6 club.
The searing ray hits Ijyb.
Ijyb is moderately wounded.
You finish channelling your searing ray.
Ijyb hits you with a +6 club!
Casting: Searing Ray (safe; 1% risk of failure)
Confirm with . or Enter, or press ? or * to list all spells.
Aiming: Searing Ray (safe; 1% risk of failure)
Press: ? - help, Shift-Dir - straight line, f - Ijyb
Aim: Ijyb, wielding a +6 club, wearing a +0 leather armour and carrying a wand of iceblast (7) (moderately wounded, 76% to hit)
The searing ray misses Ijyb. (Press . to maintain the ray.) Ijyb hits you with a +6 club!
The searing ray hits Ijyb!
Ijyb is heavily wounded.
Ijyb hits you with a +6 club!
* * * LOW HITPOINT WARNING * * *
The searing ray hits Ijyb.
Ijyb is severely wounded.
Ijyb closely misses you.
The searing ray hits Ijyb.
Ijyb is almost dead.
You finish channelling your searing ray.
Ijyb misses you.
Casting: Searing Ray (safe; 1% risk of failure)
Confirm with . or Enter, or press ? or * to list all spells.
Aiming: Searing Ray (safe; 1% risk of failure)
Press: ? - help, Shift-Dir - straight line, f/p - Ijyb
Aim: Ijyb, wielding a +6 club, wearing a +0 leather armour and carrying a wand of iceblast (7) (almost dead, 76% to hit)
The searing ray misses Ijyb. (Press . to maintain the ray.) Ijyb hits you with a +6 club!
You die...

#.# #.#...#.# #####..... #.#
#.#...#.# #...##..#. ##.#####
#.....#.# #...##..## #......#
###...#.# #...##.... #......#
#.#.#.# #...##...#
#......#####.#.#.###...##†).#
#......'...........'..)).)...
#......#####g#....##..)##...#
#......# #@#....##...##†..#
#......#####+#...###...##...#
#......##.........#######...#
#########.........# #...#
#...g..g..g. .)...
#.........## .....#
#........... #..........#
#...........


You could see Ijyb.

Vanquished Creatures
  Grinder (D:3)
  A phantom (D:4)
  An iguana (D:4)
  An orc wizard (D:4)
  A killer bee zombie (D:3)
  2 adders
  An adder skeleton (D:4)
  2 worms
  3 dart slugs
  4 orcs (D:4)
  3 bats
  6 endoplasms
  4 giant cockroaches
  6 goblins
  2 hobgoblins (D:1)
  10 jackals
  3 ball pythons
  5 frilled lizards
  4 kobolds
  3 rats
63 creatures vanquished.

Notes
Turn   | Place    | Note
-------+----------+-------------------------------------------
     0 | D:1      | porpoise the Deep Elf Conjurer began the quest for the Orb.
     0 | D:1      | Reached XP level 1. HP: 10/10 MP: 6/6
   166 | D:1      | Reached XP level 2. HP: 15/15 MP: 0/8
   175 | D:1      | Learned a level 2 spell: Searing Ray
   277 | D:1      | Found a faded altar of an unknown god.
  1043 | D:1      | Reached skill level 4 in Spellcasting
  1135 | D:2      | Reached skill level 5 in Conjurations
  1135 | D:2      | Reached XP level 3. HP: 19/19 MP: 4/10
  1628 | D:2      | Found Size's Distillery.
  1672 | D:2      | Noticed Terence
  1770 | D:2      | Bought a potion of heal wounds for 65 gold pieces
  2025 | D:3      | Reached XP level 4. HP: 5/24 MP: 3/12
  2260 | D:3      | Learned a level 4 spell: Fulminant Prism
  2265 | D:3      | Learned a level 4 spell: Iskenderun's Mystic Blast
  2521 | D:3      | Noticed Grinder
  2530 | D:3      | Paralysed by Grinder for 2 turns
  2542 | D:3      | Killed Grinder
  2543 | D:3      | Reached skill level 6 in Spellcasting
  2543 | D:3      | Reached XP level 5. HP: 16/28 MP: 0/15
  2543 | D:3      | Reached XP level 6. HP: 18/32 MP: 0/17
  3358 | D:4      | Reached skill level 7 in Spellcasting
  3358 | D:4      | Reached skill level 5 in Hexes
  3562 | D:4      | Noticed Ijyb
  3580 | D:4      | Slain by Ijyb

Illustrated notes

Levels and vault maps discovered:
D:1:      amcnicky_arrival_double_pillar, layout_basic,
          hellmonk_ecumenical_altar_zigzags, minmay_misc_feat_rows
D:2:      layout_basic, serial_shops, nicolae_shop_window_shopping,
          skrybe_limestone_x, minmay_nonomino_d4, uniq_terence
D:3:      layout_loops_ring, chequers_serial_rivers_small_3, uniq_grinder
D:4:      layout_basic, uniq_ijyb

Skill      XL: |  1  2  3  4  5  6 |
---------------+-------------------+-----
Spellcasting   | 4 6 7 |  7.0
Conjurations   | 5 |  5.3
Hexes          | 4 5 |  5.1
Dodging        | |  2.4
Stealth        | |  2.4
Translocations | |  0.7

Action                   |  1- 3 |  4- 6 || total
-------------------------+-------+-------++-------
Melee: Dagger            |     6 |     1 ||     7
 Cast: Magic Dart        |    48 |    16 ||    64
       Searing Ray       |    13 |    16 ||    29
Armor: Robe              |     5 |     3 ||     8
Dodge: Dodged            |     7 |     7 ||    14

Table legend: (Time is in decaauts)
 A = Elapsed time spent in this place.
 B = Non-inter-level travel time spent in this place.
 C = Inter-level travel time spent in this place.
 D = Time resting spent in this place.
 E = Time spent auto-exploring this place.
 F = Levels seen in this place.
 G = Mean time per level.
                   A        B        C        D        E       F      G
               +--------+--------+--------+--------+--------+-----+--------+
         Total |   3579 |   3538 |     41 |   1559 |   1601 |   4 |  894.8 |
       Dungeon |   3579 |   3538 |     41 |   1559 |   1601 |   4 |  894.8 |
               +--------+--------+--------+--------+--------+-----+--------+

Top non-repeatable levels by time:
     D:1: 1107 daAuts
     D:3: 1016 daAuts
     D:2: 773 daAuts
     D:4: 682 daAuts
